 Dungeon Crawl Stone Soup version 0.17.1-3-g152610e (webtiles) character file.

1235 jacquesderrida the Summoner (level 8, 16/56 (57) HPs)
             Began as a Demonspawn Summoner on Apr 6, 2016.
             Quit the game on level 8 of the Dungeon.
             The game lasted 00:24:07 (4232 turns).

jacquesderrida the Summoner (Demonspawn Summoner)   Turns: 4232, Time: 00:24:07

HP:   16/56 (57)    AC: 12    Str: 16    XL:     8   Next: 24%
MP:   14/14         EV: 13    Int: 16    God:
Gold: 157           SH:  0    Dex: 20    Spells: 4 memorised, 3 levels left

rFire  + . .     SeeInvis .     L - +4 morningstar "Gicet" {speed, *Drain +Rage rElec Dex+5}
rCold  + + .     Clarity  .     B - +5 ring mail of Perpetual Drought {rElec rC+}
rNeg   . . .     SustAt   .     (no shield)
rPois  +         Gourm    .     m - +1 helmet
rElec  +         Spirit   .     (no cloak)
rCorr  +         Warding  .     (no gloves)
rMut   .         Stasis   .     (no boots)
MR     .....                    (no amulet)
Stlth  ++........               w - ring of flight (curse)
                                y - +6 ring of strength

@: confused, resistant, not resistant to hostile enchantments, unstealthy
A: fangs 1, talons 2, repulsion field 1, nightstalker 2, no device heal 1,
MP-powered wands
a: Evoke Berserk Rage, Evoke Flight


You were on level 8 of the Dungeon.
You were not hungry.

You visited 2 branches of the dungeon, and saw 10 of its levels.

You collected 328 gold pieces.
You spent 171 gold pieces at shops.

Inventory:

Hand Weapons
 d - a +0 dagger
 e - a +2 dagger of protection
 n - a +0 spear
 r - a +0 trident
 s - a +1 dagger of venom
 C - a +0 halberd
 I - a +0 blowgun
 L - the +4 morningstar "Gicet" (weapon) {speed, *Drain +Rage rElec Dex+5}
   (You bought it in a shop on level 9 of the Dungeon)

   Attacks with this weapon are significantly faster.
   It affects your dexterity (+5).
   It insulates you from electricity.
   It lets you go berserk.
   It causes draining when unequipped.
Armour
 a - a +0 robe
 c - a cursed +0 ring mail
 m - a +1 helmet (worn)
 B - the +5 ring mail of Perpetual Drought (worn) {rElec rC+}
   (You found it on level 5 of the Dungeon)

   It protects you from cold.
   It insulates you from electricity.
Jewellery
 l - an uncursed ring of protection from cold
 o - an uncursed ring of positive energy {unknown}
 w - a cursed ring of flight (right hand)
 y - a +6 ring of strength (left hand)
 D - an uncursed ring of wizardry {unknown}
 G - an uncursed ring of positive energy {unknown}
Wands
 i - a wand of frost (32)
 H - a wand of random effects (18)
Scrolls
 h - 3 scrolls of enchant armour
 k - 3 scrolls of remove curse
 p - 5 scrolls of amnesia
 q - a scroll of immolation
 t - 2 scrolls of blinking
 u - a scroll of enchant weapon
Potions
 f - a potion of magic
 g - 3 potions of lignification
 v - 2 potions of curing
 x - a potion of might
Books
 b - a book of Callings

   Spells                             Type                      Level
   a - Summon Small Mammal            Summoning                    1
   b - Call Imp                       Summoning                    2
   c - Call Canine Familiar           Summoning                    3
   d - Summon Guardian Golem          Hexes/Summoning              3
   e - Summon Lightning Spire         Summoning/Air                4
   f - Summon Ice Beast               Ice/Summoning                4
Miscellaneous
 A - a lantern of shadows
Comestibles
 j - 4 meat rations
 F - 2 royal jellies
 K - a chunk of flesh
 M - 4 fruits


   Skills:
 + Level 2.9 Fighting
 + Level 0.1 Maces & Flails
 + Level 2.5 Armour
 - Level 1.7 Dodging
 - Level 1.7 Stealth
 - Level 4.1 Spellcasting
 + Level 8.3 Summonings
 - Level 2.5 Air Magic


You had 3 spell levels left.
You knew the following spells:

 Your Spells              Type           Power        Failure   Level  Hunger
a - Summon Lightning Spi  Summ/Air       ###.....     38%         4    ####...
b - Call Imp              Summ           ####....     1%          2    ##.....
c - Call Canine Familiar  Summ           ####....     3%          3    ###....
d - Summon Guardian Gole  Hex/Summ       ###.....     17%         3    ###....


Dungeon Overview and Level Annotations

Branches:
Dungeon (9/15)             Temple (1/1) D:7
   Lair: D:8-11         Orc: D:9-12

Altars:
Cheibriados
Dithmenos
Elyvilon
Fedhas
Gozag
Kikubaaqudgha
Makhleb
Nemelex Xobeh
Okawaru
Qazlal
Ru
Sif Muna
Trog
Vehumet
Xom
The Shining One

Shops:
D:9 (

Annotations:
D:3 grom234's ghost, amateur FoAK
D:8 Pikel


Innate Abilities, Weirdness & Mutations

You have razor-sharp toenails.
You are surrounded by a mild repulsion field (EV +2).
You are significantly more attuned to the shadows.
You have very sharp teeth.
Potions and wands are less effective at restoring your health.
You expend magic power (3 MP) to strengthen your wands.


Message History

You feel invigorated. The slave closely misses you.
The orc wizard casts a spell.
The orc wizard flickers and vanishes!
Deactivating autopickup; reactivate with Ctrl-A.
You thump the slave! Your kick misses the slave.
The slave is moderately wounded.
The necrophage hits you.
* * * LOW HITPOINT WARNING * * *
Your flesh rots away! x2
The slave hits you.
* * * LOW HITPOINT WARNING * * *
You're too confused to move!
The necrophage barely misses you. The slave barely misses you.
Unknown command.
Drink which item? (? for menu, Esc to quit)
It was a potion of resistance.
You feel protected.
The necrophage hits you but does no damage.
The slave completely misses you.
Are you sure you want to abandon this character and quit the game? (Confirm with "yes".)

### .#.#####
#####.##
...pp@.#
#.#.#.⌠#
.#.###n#
......_# #{#
......## #.###o#
#.#.#._# ..Kp)K#
#.######
..###.### ###
........####
......#o....
................


You could see Pikel, 2 slaves, a necrophage and an orc.

Vanquished Creatures
  2 centaurs
  A crimson imp (D:5)
  A hound (D:4)
  An orc priest (D:8)
  3 orc wizards
  2 worker ants
  4 gnolls (D:7)
  3 adders
  2 adder skeletons
  4 giant geckos
  6 orcs
  5 hobgoblins
  6 jackals
  3 quokkas
  A giant cockroach (D:1)
  A goblin (D:3)
  4 kobolds
  A quokka skeleton (D:8)
  A rat (D:1)
51 creatures vanquished.

Vanquished Creatures (collateral kills)
  Psyche (D:9)
  2 phantoms
  A black bear (D:7)
  A necrophage (D:6)
  An ogre (D:4)
  3 giant frogs
  A gnoll shaman (D:7)
  2 orc wizards (D:5)
  A jelly (D:8)
  An orc priest (D:5)
  2 adders
  A gnoll (D:7)
  A shadow imp (D:5)
  An ooze (D:1)
  An adder skeleton (D:4)
  A worm (D:5)
  9 orcs
  3 bats
  2 giant cockroaches
  5 goblins
  3 jackals
  2 quokkas
  A giant newt (D:2)
  A jackal zombie (D:5)
  3 rats
50 creatures vanquished.

Vanquished Creatures (others)
  An orc (D:5)
1 creature vanquished.

Grand Total: 102 creatures vanquished

Notes
Turn   | Place    | Note
--------------------------------------------------------------
     0 | D:1      | jacquesderrida the Demonspawn Summoner began the quest for the Orb.
     0 | D:1      | Reached XP level 1. HP: 13/13 MP: 3/3
   349 | D:2      | Gained mutation: You have sharp toenails. [demonic ancestry]
   349 | D:2      | Reached XP level 2. HP: 19/19 MP: 0/5
   435 | D:1      | Learned a level 2 spell: Call Imp
   727 | D:3      | Found a burning altar of Makhleb.
   828 | D:3      | Found a blossoming altar of Fedhas.
   867 | D:3      | Reached skill level 5 in Summonings
   867 | D:3      | Gained mutation: You are slightly more attuned to the shadows. [demonic ancestry]
   867 | D:3      | Reached XP level 3. HP: 22/24 MP: 0/6
  1013 | D:3      | Learned a level 3 spell: Call Canine Familiar
  1045 | D:3      | Noticed grom234's ghost (amateur FoAK)
  1197 | D:4      | Found a bloodstained altar of Trog.
  1216 | D:4      | Noticed an ogre
  1273 | D:4      | Killed an ogre
  1273 | D:4      | Reached XP level 4. HP: 30/30 MP: 0/7
  1442 | D:4      | Reached skill level 6 in Summonings
  1603 | D:4      | Gained mutation: You are surrounded by a mild repulsion field (EV +2). [demonic ancestry]
  1603 | D:4      | Reached XP level 5. HP: 28/35 MP: 8/8
  1683 | D:5      | Entered Level 5 of the Dungeon
  1699 | D:5      | Learned a level 3 spell: Summon Guardian Golem
  1818 | D:6      | Noticed a necrophage
  1838 | D:6      | Killed a necrophage
  2147 | D:7      | Found a sacrificial altar of Ru.
  2174 | D:7      | Found an opulent altar of Gozag.
  2262 | D:6      | Found a glowing golden altar of the Shining One.
  2400 | D:5      | Gained mutation: You have razor-sharp toenails. [demonic ancestry]
  2400 | D:5      | Reached XP level 6. HP: 38/41 MP: 5/10
  2447 | D:5      | Got a brightly glowing ring mail
  2467 | D:5      | Identified the +5 ring mail of Perpetual Drought {rElec rC+} (You found it on level 5 of the Dungeon)
  2516 | D:5      | Found a sparkling altar of Nemelex Xobeh.
  2646 | D:4      | Noticed a phantom
  2683 | D:4      | Killed a phantom
  2683 | D:4      | Reached skill level 7 in Summonings
  2772 | D:5      | Found a deep blue altar of Sif Muna.
  3150 | D:7      | Noticed a black bear
  3160 | D:7      | Killed a black bear
  3224 | D:7      | Gained mutation: You are significantly more attuned to the shadows. [demonic ancestry]
  3224 | D:7      | Reached XP level 7. HP: 46/46 MP: 12/12
  3317 | D:7      | Noticed a centaur
  3326 | D:7      | Killed a centaur
  3326 | D:7      | Reached skill level 8 in Summonings
  3424 | D:7      | Found a staircase to the Ecumenical Temple.
  3448 | Temple   | Entered the Ecumenical Temple
  3634 | D:8      | Noticed a deep elf knight
  3690 | D:7      | Noticed a yak
  3724 | D:8      | Learned a level 4 spell: Summon Lightning Spire
  3778 | D:8      | Reached skill level 1 in Fighting
  3778 | D:8      | Reached skill level 1 in Armour
  3778 | D:8      | Reached skill level 1 in Air Magic
  3794 | D:8      | Found an iron altar of Okawaru.
  3794 | D:8      | Found a snail-covered altar of Cheibriados.
  3846 | D:9      | Found a shimmering altar of Xom.
  3873 | D:9      | Found a stormy altar of Qazlal.
  4080 | D:9      | Noticed Psyche
  4094 | D:9      | Killed Psyche
  4094 | D:9      | Reached XP level 8. HP: 32/57 MP: 11/14
  4139 | D:9      | Found Emuamm's Antique Weapon Boutique.
  4146 | D:9      | Bought an ancient morningstar for 171 gold pieces
  4146 | D:9      | Identified the +4 morningstar "Gicet" {speed, *Drain +Rage rElec Dex+5} (You bought it in a shop on level 9 of the Dungeon)
  4222 | D:8      | Noticed Pikel
  4227 | D:8      | Gained mutation: You have very sharp teeth. [potion of mutation]
  4227 | D:8      | Gained mutation: Potions and wands are less effective at restoring your health. [potion of mutation]
  4227 | D:8      | Gained mutation: You expend magic power (3 MP) to strengthen your wands. [potion of mutation]
  4232 | D:8      | Quit the game

Action                   |  1- 3 |  4- 6 |  7- 9 || total
-------------------------+-------+-------+-------++-------
Melee: Dagger            |    21 |    67 |    93 ||   181
       Spear             |    17 |       |       ||    17
       Trident           |    32 |    15 |     7 ||    54
       Morningstar       |       |       |     5 ||     5
 Cast: Summon Small Mamm |    24 |     1 |       ||    25
       Call Imp          |    17 |    15 |     3 ||    35
       Call Canine Famil |     4 |    14 |     9 ||    27
       Summon Guardian G |       |       |     2 ||     2
Evoke: Wand              |       |       |     3 ||     3
  Use: Scroll            |     7 |     8 |     2 ||    17
       Potion            |       |     2 |     3 ||     5
 Stab: Sleeping          |     3 |     3 |     2 ||     8
       Distracted        |     1 |     2 |     1 ||     4
  Eat: Chunk             |     3 |     5 |     4 ||    12
       Bread ration      |       |     1 |       ||     1
